SL
THUNDER BAY NORTHERN LIONS BC @ BROOKLYN DODGERS
08/06/2023
 
TOP OF THE 1ST
Thunder Bay Northern Lions BC batting - Pitching for Brooklyn Dodgers : RHP Horace McKenzie
Pitching: RHP Horace McKenzie
Batting: RHB Keith Fish 0-0: Foul Ball, location: 2F
0-1: Foul Ball, location: 2F
0-2: Ball
1-2: Ground out 5-3 (Groundball, 56)
Batting: LHB Pancho García 0-0: Called Strike
0-1: Ground out 6-3 (Groundball, 6MS)
Batting: SHB Carlos Rodríguez 0-0: Called Strike
0-1: Swinging Strike
0-2: Ball
1-2: Ball
2-2: Ground out 6-3 (Groundball, 6M)
Top of the 1st over - 0 run(s), 0 hit(s), 0 error(s), 0 left on base; Thunder Bay 0 - Brooklyn 0
BOTTOM OF THE 1ST
Brooklyn Dodgers batting - Pitching for Thunder Bay Northern Lions BC : RHP Ramón Ortega
Pitching: RHP Ramón Ortega
Batting: RHB Juan Martínez 0-0: SINGLE (Line Drive, 56D)
Batting: RHB Vincent Crane 0-0: Ball
1-0: Swinging Strike
1-1: Foul Ball, location: 2F
1-2: Foul Ball, location: 2F
1-2: Fielders Choice at 2nd, 1-6 (Groundball, 13S)
Batting: RHB Oliver Aranda 0-0: Ball
1-0: Called Strike
1-1: Grounds into double play, 6-4-3 (Groundball, 56)
Bottom of the 1st over - 0 run(s), 1 hit(s), 0 error(s), 0 left on base; Thunder Bay 0 - Brooklyn 0
TOP OF THE 2ND
Thunder Bay Northern Lions BC batting - Pitching for Brooklyn Dodgers : RHP Horace McKenzie
Batting: RHB Robert O'Connor 0-0: Called Strike
0-1: Ball
1-1: Ball
2-1: DOUBLE (Line Drive, 5L)
Batting: LHB John Brewer 0-0: Ball
1-0: Foul Ball, location: 2F
1-1: Ground out 4-3 (Groundball, 4)
Robert O'Connor to third
Batting: RHB Jonathan Cook 0-0: Ball
1-0: Ball
2-0: DOUBLE (Line Drive, 8RM)
Robert O'Connor scores
Batting: LHB Curtis Peters 0-0: Ball
1-0: Foul Ball, location: 2F
1-1: Called Strike
1-2: Ball
2-2: Ball
3-2: Ground out 5-3 (Groundball, 56S)
Jonathan Cook to third
Batting: RHB Ed Whitaker 0-0: Reached on error, E1 (Groundball, 15)
Jonathan Cook scores
Batting: SHB Arturo Robles 0-0: Called Strike
0-1: Ground out 4-3 (Groundball, 4)
Top of the 2nd over - 2 run(s), 2 hit(s), 1 error(s), 1 left on base; Thunder Bay 2 - Brooklyn 0
BOTTOM OF THE 2ND
Brooklyn Dodgers batting - Pitching for Thunder Bay Northern Lions BC : RHP Ramón Ortega
Batting: LHB Ron Bascombe 0-0: Foul Ball, location: 2F
0-1: Foul Ball, location: 2F
0-2: Ball
1-2: Foul Ball, location: 2F
1-2: Ball
2-2: SINGLE (Groundball, 4MD)
Batting: RHB Thom Wilcox 0-0: Called Strike
0-1: Ball
1-1: Foul Ball, location: 2F
1-2: Ball
2-2: Grounds into double play, 5-4-3 (Groundball, 56)
Batting: RHB Miguel Vidro 0-0: Ball
1-0: Ball
2-0: Fly out, F3 (Popup, 3F)
Bottom of the 2nd over - 0 run(s), 1 hit(s), 0 error(s), 0 left on base; Thunder Bay 2 - Brooklyn 0
TOP OF THE 3RD
Thunder Bay Northern Lions BC batting - Pitching for Brooklyn Dodgers : RHP Horace McKenzie
Batting: RHB Keith Fish 0-0: Called Strike
0-1: Called Strike
0-2: Ball
1-2: Foul Ball, location: 2F
1-2: SINGLE (Groundball, 56D)
Batting: LHB Pancho García Pickoff Throw to First - Out!
0-0: Ball
1-0: Ball
2-0: Ball
3-0: Base on Balls
Batting: SHB Carlos Rodríguez 0-0: Called Strike
0-1: Fly out, F7 (Flyball, 7S)
Batting: RHB Robert O'Connor 0-0: Ball
Pickoff Throw to First - Error! E1
Pancho García to second
1-0: Ground out 6-3 (Groundball, 6M)
Top of the 3rd over - 0 run(s), 1 hit(s), 1 error(s), 1 left on base; Thunder Bay 2 - Brooklyn 0
BOTTOM OF THE 3RD
Brooklyn Dodgers batting - Pitching for Thunder Bay Northern Lions BC : RHP Ramón Ortega
Batting: RHB Gustavo Mateo 0-0: Foul Ball, location: 2F
0-1: Foul Ball, location: 2F
0-2: Foul Ball, location: 2F
0-2: Fly out, F4 (Popup, 4M)
Batting: RHB Pedro Torrez 0-0: Called Strike
0-1: Foul Ball, location: 2F
0-2: Ball
1-2: Foul Ball, location: 2F
1-2: Ball
2-2: SINGLE (Groundball, 6MD)
Batting: RHB José Herrera 0-0: Ball
1-0: Ball
2-0: Ball
3-0: Called Strike
3-1: Swinging Strike
3-2: Foul Ball, location: 2F
3-2: Foul Ball, location: 2F
3-2: Fly out, F8 (Flyball, 8LXD)
Batting: RHB Juan Martínez 0-0: Called Strike
0-1: Ball
1-1: Ground out 1-3 (Groundball, 23)
Bottom of the 3rd over - 0 run(s), 1 hit(s), 0 error(s), 1 left on base; Thunder Bay 2 - Brooklyn 0
TOP OF THE 4TH
Thunder Bay Northern Lions BC batting - Pitching for Brooklyn Dodgers : RHP Horace McKenzie
Batting: LHB John Brewer 0-0: Called Strike
0-1: Ground out 6-3 (Groundball, 6M)
Batting: RHB Jonathan Cook 0-0: Ball
1-0: Hit by Pitch
Batting: LHB Curtis Peters 0-0: Ball
1-0: Ball
2-0: Ball
3-0: Called Strike
3-1: Base on Balls
Jonathan Cook to second
Batting: RHB Ed Whitaker 0-0: Ball
1-0: Called Strike
1-1: Ground out 5-3 (Groundball, 5S)
Jonathan Cook to third
Curtis Peters to second
Batting: SHB Arturo Robles 0-0: SINGLE (Groundball, 6MD)
Jonathan Cook scores
Curtis Peters to third
Runner from 3rd tries for Home, throw and OUT!
Top of the 4th over - 1 run(s), 1 hit(s), 0 error(s), 1 left on base; Thunder Bay 3 - Brooklyn 0
BOTTOM OF THE 4TH
Brooklyn Dodgers batting - Pitching for Thunder Bay Northern Lions BC : RHP Ramón Ortega
Batting: RHB Vincent Crane 0-0: Ball
1-0: Ball
2-0: Swinging Strike
2-1: Foul Ball, location: 2F
2-2: Strikes out swinging
Batting: RHB Oliver Aranda 0-0: Ball
1-0: Foul Ball, location: 2F
1-1: Ground out 4-3 (Groundball, 4)
Batting: LHB Ron Bascombe 0-0: Ball
1-0: Ground out U3 (Groundball, 3S)
Bottom of the 4th over - 0 run(s), 0 hit(s), 0 error(s), 0 left on base; Thunder Bay 3 - Brooklyn 0
TOP OF THE 5TH
Thunder Bay Northern Lions BC batting - Pitching for Brooklyn Dodgers : RHP Horace McKenzie
Batting: RHB Keith Fish 0-0: Called Strike
0-1: Swinging Strike
0-2: Foul Ball, location: 2F
0-2: Ball
1-2: Foul Ball, location: 2F
1-2: SINGLE (Groundball, 4D)
Batting: LHB Pancho García 0-0: Ball
1-0: Fly out, F8 (Flyball, 8RD)
Batting: SHB Carlos Rodríguez 0-0: Ball
1-0: Called Strike
Throwing error on steal attempt, E2
Keith Fish to third
1-1: Foul Ball, location: 2F
1-2: Strikes out swinging
Batting: RHB Robert O'Connor 0-0: Foul Ball, location: 2F
0-1: Called Strike
0-2: Fly out, F5 (Popup, 5S)
Top of the 5th over - 0 run(s), 1 hit(s), 1 error(s), 1 left on base; Thunder Bay 3 - Brooklyn 0
BOTTOM OF THE 5TH
Brooklyn Dodgers batting - Pitching for Thunder Bay Northern Lions BC : RHP Ramón Ortega
Batting: RHB Thom Wilcox 0-0: Ball
1-0: Called Strike
1-1: Fly out, F9 (Flyball, 89M)
Batting: RHB Miguel Vidro 0-0: Ball
1-0: Ball
2-0: Called Strike
2-1: Ball
3-1: Fly out, F6 (Line Drive, 6)
Batting: RHB Gustavo Mateo 0-0: Ball
1-0: Swinging Strike
1-1: Called Strike
1-2: Ball
2-2: Foul Ball, location: 2F
2-2: Strikes out swinging, 2-3 out at first.
Bottom of the 5th over - 0 run(s), 0 hit(s), 0 error(s), 0 left on base; Thunder Bay 3 - Brooklyn 0
TOP OF THE 6TH
Thunder Bay Northern Lions BC batting - Pitching for Brooklyn Dodgers : RHP Horace McKenzie
Batting: LHB John Brewer 0-0: Ball
1-0: Called Strike
1-1: Ball
2-1: Fly out, F8 (Flyball, 8RXD)
Batting: RHB Jonathan Cook 0-0: Ball
1-0: Foul Ball, location: 2F
1-1: Ground out 6-3 (Groundball, 6S)
Batting: LHB Curtis Peters 0-0: Ball
1-0: Ground out 5-3 (Groundball, 56)
Top of the 6th over - 0 run(s), 0 hit(s), 0 error(s), 0 left on base; Thunder Bay 3 - Brooklyn 0
BOTTOM OF THE 6TH
Brooklyn Dodgers batting - Pitching for Thunder Bay Northern Lions BC : RHP Ramón Ortega
Batting: RHB Pedro Torrez 0-0: Called Strike
0-1: Foul Ball, location: 2F
0-2: Ball
1-2: Fly out, F9 (Flyball, 9S)
Batting: RHB José Herrera 0-0: Ground out 1-3 (Groundball, 23)
Batting: RHB Juan Martínez 0-0: Called Strike
0-1: SINGLE (Groundball, 4M)
Batting: RHB Vincent Crane 0-0: Ball
Juan Martínez steals 2nd base
1-0: Foul Ball, location: 2F
1-1: Swinging Strike
1-2: Ball
2-2: Fly out, F6 (Line Drive, 6)
Bottom of the 6th over - 0 run(s), 1 hit(s), 0 error(s), 1 left on base; Thunder Bay 3 - Brooklyn 0
TOP OF THE 7TH
Thunder Bay Northern Lions BC batting - Pitching for Brooklyn Dodgers : RHP Horace McKenzie
Batting: RHB Ed Whitaker 0-0: Ball
1-0: Ball
2-0: Swinging Strike
2-1: Ground out 5-3 (Groundball, 5)
Batting: SHB Arturo Robles 0-0: Foul Ball, location: 2F
0-1: Ball
1-1: Swinging Strike
1-2: Ground out 4-3 (Groundball, 4)
Batting: RHB Keith Fish 0-0: DOUBLE (Groundball, 5L)
Batting: LHB Pancho García 0-0: Ball
1-0: Ball
2-0: Called Strike
2-1: SINGLE (Groundball, 15) (infield hit)
Keith Fish to third
Batting: SHB Carlos Rodríguez 0-0: SINGLE (Groundball, 34)
Keith Fish scores
Pancho García to second
Runner from 2nd tries for 3rd, OUT!
Top of the 7th over - 1 run(s), 3 hit(s), 0 error(s), 1 left on base; Thunder Bay 4 - Brooklyn 0
BOTTOM OF THE 7TH
Brooklyn Dodgers batting - Pitching for Thunder Bay Northern Lions BC : RHP Ramón Ortega
Batting: RHB Oliver Aranda 0-0: Ball
1-0: Swinging Strike
1-1: Ball
2-1: Called Strike
2-2: Fly out, F6 (Popup, 7S)
Batting: LHB Ron Bascombe 0-0: Hit by Pitch
Batting: RHB Thom Wilcox 0-0: Ball
Ron Bascombe steals 2nd base
1-0: Ball
2-0: Called Strike
2-1: Ball
3-1: Base on Balls
Batting: RHB Miguel Vidro 0-0: Ball
1-0: Fly out, F9 (Flyball, 9S)
Batting: RHB Gustavo Mateo 0-0: Ball
1-0: Swinging Strike
1-1: Reached on error, E5 (Groundball, 56S)
Ron Bascombe to third
Thom Wilcox to second
Batting: RHB Pedro Torrez 0-0: Ball
1-0: Foul Ball, location: 2F
1-1: Called Strike
1-2: Ball
2-2: Ball
3-2: Base on Balls
Ron Bascombe scores
Thom Wilcox to third
Gustavo Mateo to second
Batting: RHB José Herrera 0-0: SINGLE (Line Drive, 78S)
Thom Wilcox scores
Gustavo Mateo to third
Pedro Torrez to second
Runner from 3rd tries for Home, SAFE, throw made at trailing runner, SAFE at third!
Pinch Hitting: SHB Raymond Bright 0-0: Reached on error, E3 (Groundball, 3)
Pedro Torrez scores
José Herrera to second
Batting: RHB Vincent Crane 0-0: Called Strike
0-1: Ball
1-1: Swinging Strike
1-2: Strikes out looking
Bottom of the 7th over - 4 run(s), 1 hit(s), 2 error(s), 2 left on base; Thunder Bay 4 - Brooklyn 4
TOP OF THE 8TH
Thunder Bay Northern Lions BC batting - Pitching for Brooklyn Dodgers : RHP Horace McKenzie
Now in RF: Raymond Bright
Batting: RHB Robert O'Connor 0-0: Called Strike
0-1: DOUBLE (Flyball, 78XD)
Batting: LHB John Brewer 0-0: Called Strike
0-1: Ball
1-1: Ground out 5-3 (Groundball, 5S)
Robert O'Connor to third
Batting: RHB Jonathan Cook 0-0: Intentional Walk
Pitching: RHP Barry Jones
Batting: LHB Curtis Peters 0-0: Ball
1-0: SINGLE (Line Drive, 89S)
Robert O'Connor scores
Jonathan Cook to second
Batting: RHB Ed Whitaker 0-0: Called Strike
0-1: Ball
1-1: Grounds into double play, 5-4-3 (Groundball, 56)
Top of the 8th over - 1 run(s), 2 hit(s), 0 error(s), 1 left on base; Thunder Bay 5 - Brooklyn 4
BOTTOM OF THE 8TH
Brooklyn Dodgers batting - Pitching for Thunder Bay Northern Lions BC : RHP Ramón Ortega
Now at 3B: Raúl Valadez
Batting: RHB Oliver Aranda 0-0: Called Strike
0-1: Ball
1-1: Ball
2-1: Ball
3-1: Fly out, F9 (Flyball, 89D)
Batting: LHB Ron Bascombe 0-0: Ball
1-0: Ball
2-0: SINGLE (Line Drive, 78S)
Batting: RHB Thom Wilcox 0-0: Swinging Strike
0-1: Ball
1-1: Ball
2-1: Foul Ball, location: 2F
2-2: Ball
3-2: DOUBLE (Flyball, 78XD)
Ron Bascombe to third
Pitching: RHP José Ramos
Batting: RHB Miguel Vidro 0-0: Ball
1-0: Swinging Strike
1-1: Foul Ball, location: 2F
1-2: Foul Ball, location: 2F
1-2: Ground out 5-3 (Groundball, 5L)
Batting: RHB Gustavo Mateo 0-0: Foul Ball, location: 2F
0-1: Foul Ball, location: 2F
0-2: Ball
1-2: Foul Ball, location: 2F
1-2: DOUBLE (Groundball, 5L)
Ron Bascombe scores
Thom Wilcox scores
Batting: RHB Pedro Torrez 0-0: Intentional Walk
Batting: RHB José Herrera 0-0: Fly out, F8 (Flyball, 8RM)
Bottom of the 8th over - 2 run(s), 3 hit(s), 0 error(s), 2 left on base; Thunder Bay 5 - Brooklyn 6
TOP OF THE 9TH
Thunder Bay Northern Lions BC batting - Pitching for Brooklyn Dodgers : RHP Barry Jones
Pitching: RHP John Bailey
Batting: SHB Arturo Robles 0-0: Foul Ball, location: 2F
0-1: Ball
1-1: Called Strike
1-2: Strikes out swinging
Batting: RHB Keith Fish 0-0: Ball
1-0: Foul Ball, location: 2F
1-1: Ball
2-1: Fly out, F2 (Popup, 3SF)
Batting: LHB Pancho García 0-0: Called Strike
0-1: SINGLE (Line Drive, 56D)
Pinch Hitting: RHB Adrian Smith 0-0: Ball
1-0: Fly out, F7 (Popup, 78S)
Top of the 9th over - 0 run(s), 1 hit(s), 0 error(s), 1 left on base; Thunder Bay 5 - Brooklyn 6
This league is powered by Out of the Park Baseball, the baseball management simulation game for PC, Mac and Linux
Friday, July 8th, 2016 - OOTP Baseball 16.9 Build 39